AoeStats
← carlosmoz822

Enclosed

505577561Analyzed
1v1 RM · 23d ago on Sep 10, 2026· 49m 48s· 2 players
Game mode
Random Map
Map size
Tiny (2 player)
Population
200
Speed
Normal
Resources
Standard
Victory
Conquest
Starting age
Dark Age
Ending age
Imperial Age
RankedLock teamsTeams togetherTeam positionsShared explorationLock speedFull tech treeHidden civsTurbo modeCheats
Victory
Defeat
🇨🇴 Spanish · Colombia
1178
+19
🇦🇺 Spanish · Australia
1187
-16
carlosmoz822
9:06 Loom
10:51 Feudal Age
15:12 Castle Age
21:42 Double-Bit Axe
30:55 Bow Saw
49:33 Imperial Age
49:28 Sanctity
49:57 Scale Barding Armor
49:53 Padded Archer Armor
रोहन
5:07 Loom
10:10 Feudal Age
11:17 Double-Bit Axe
14:15 Fletching
14:13 Horse Collar
16:12 Town Watch
22:59 Castle Age
24:20 Bodkin Arrow
26:28 Bow Saw
26:19 Heavy Plow
26:40 Bow Saw
40:06 Husbandry
40:07 Padded Archer Armor
43:45 Leather Archer Armor
43:24 Gold Mining
47:15 Stone Mining
48:30 Wheelbarrow
Connection lost

Rejoining the realm…

Still unreachable

The connection could not be restored.

Session expired

The server has moved on; the page needs a fresh start.